KaiLappan, lawful female human Valkyrie ----------- ----------- |.........+`################# --------- #..........| |.........| # |.......| ###|.........| |........"| ### |.......| ### --------.-- |.........-# # |.......| ### # -----------# ##`|.......| ### # # #.......>| ### # # |..)....-## ########## ## # # --.-.-.-- # #----------# )# #### ###### ###|........|# ---|-- #----------- # # #)...%....|# |....| #|.........| ###### #|......@..# |!!!!| #..........-##%###### -.-|-.- #|.......<| |!!!!| |.........| % |`.....#########---------- |!!%!| |..(......| ##......| |!!!%| ----------- |.....-############ |!!!!| ------- ------ KaiLappan the Fighter Experience level: 8 Strength: 18 Dexterity: 13 Constitution: 17 Intelligence: 9 Wisdom: 7 Charisma: 9 Health: 26(75) Energy: 21(21) Def: 2 Gold: 4797 Moves: 7399 Dungeon seed: OgtjHI_TnN58o4oK Game ID: KaiLappan_1508771901 Your Inventory: Coins $ - 4797 gold pieces Amulets o - an uncursed amulet of ESP (being worn) Weapons a - a +1 long sword (weapon in hand) Armor e - an uncursed +3 small shield n - an uncursed +0 orcish ring mail (being worn) z - an uncursed rusty +0 orcish helm (being worn) Comestibles x - an uncursed egg O - 2 uncursed food rations Scrolls c - an uncursed scroll of food detection g - a blessed scroll of enchant weapon q - an uncursed scroll of gold detection t - an uncursed scroll of identify D - an uncursed scroll of create monster E - an uncursed scroll of amnesia J - an uncursed scroll of light R - an uncursed scroll of enchant armor S - an uncursed scroll of enchant weapon W - a cursed scroll of identify Spellbooks F - an uncursed spellbook of create monster Potions r - a cursed potion of sleeping w - an uncursed potion of fruit juice G - an uncursed potion of acid P - an uncursed potion of hallucination Q - a blessed potion of speed T - an uncursed potion of levitation U - an uncursed potion of gain ability X - a cursed potion of fruit juice Z - an uncursed potion of oil Rings m - a blessed +4 ring of increase damage (on left hand) L - an uncursed ring of poison resistance (on right hand) V - an uncursed ring of polymorph Wands d - a wand of secret door detection (0:13) A - a wand of striking (0:4) Tools f - an uncursed tin whistle l - an uncursed lock pick B - 5 uncursed tallow candles (0:200) C - a cursed tallow candle (0:200) H - an uncursed towel K - a cursed brass lantern (0:1295) Gems y - an uncursed worthless piece of violet glass Spells and supernatural/magical abilities: Name Level Category Fail Memory O - create monster 2 clerical 100% 94% W - pray for help -- divine ? -- Your skills at the end: Fighting Skills Weapon Skills dagger [Basic] long sword [Basic] Spellcasting Skills Final Attributes: You were piously aligned. You were cold resistant. You were poison resistant. You were telepathic. You were stealthy. You had a +4 damage bonus. You were fast. You were lucky. You are dead. Vanquished creatures: a large mimic 4 wargs 2 small mimics a xan a troll a shocking sphere a tiger a mountain centaur a python an ettin zombie a cockatrice a gremlin a leprechaun a mumak a gnome king 2 brown puddings a lizard 2 chickatrices a housecat a blue jelly a plains centaur an ape 11 bugbears an imp a wood nymph a water nymph a Mordor orc a rock piercer a fog cloud 6 gnome lords 2 gnomish wizards a kobold mummy a golden naga hatchling 2 gray oozes a barrow wight 2 straw golems 8 giant ants 2 little dogs a homunculus a kobold lord a kobold shaman 4 hill orcs a centipede a giant bat a monkey an orc zombie a werejackal an iguana 2 acid blobs 4 coyotes 2 gas spores 4 large kobolds 16 hobgoblins a giant rat a cave spider 5 brown molds 4 yellow molds 3 red molds 6 gnomes 3 geckos 9 jackals 4 foxes 4 kobolds 5 goblins 2 sewer rats 3 grid bugs 8 lichens a kobold zombie 11 newts 181 creatures vanquished. Voluntary challenges: You had been an atheist until turn 4726. You used a wielded weapon 209 times, starting on turn 298. You read items or engraved 371 times, starting on turn 2096. You never genocided any monsters. You never polymorphed an object. You never changed form. You used no wishes. You split 1 pudding, starting on turn 5744. You wrote Elbereth's name 354 times, starting on turn 2096. You never violated your personal moral code. Dungeon overview: The Dungeons of Doom: levels 1 to 12 Level 1 a sink a long staircase Level 2 a fountain Level 3 a fountain Level 4 a sink a long staircase Level 5 some fountains Level 6 a fountain Level 7 a sink Level 8 many fountains Level 9 a long staircase Level 10 Level 11 <- You were here a potion shop Level 12 History has recorded: On T:1 you entered the Dungeons of Doom to retrieve the Amulet of Yendor! On T:554 you reached level 2 of The Dungeons of Doom. On T:1442 you reached level 3 of The Dungeons of Doom. On T:1857 you advanced to experience level 2. On T:1930 you reached level 4 of The Dungeons of Doom. On T:2328 you advanced to experience level 3. On T:2420 you reached level 5 of The Dungeons of Doom. On T:2721 you advanced to experience level 4. On T:3112 you reached level 6 of The Dungeons of Doom. On T:3509 you reached level 7 of The Dungeons of Doom. On T:3785 you advanced to experience level 5. On T:3811 you advanced to experience level 6. On T:3962 you reached level 8 of The Dungeons of Doom. On T:4533 you reached level 9 of The Dungeons of Doom. On T:4761 you advanced to experience level 7. On T:5233 you reached level 10 of The Dungeons of Doom. On T:5242 you reached level 11 of The Dungeons of Doom. On T:5629 you advanced to experience level 8. On T:6015 you reached level 12 of The Dungeons of Doom. Score breakdown: Gold: 4797 (12521 points) Experience: 8 levels (14739 points) Exploration: 12 levels ( 26.09%) (14832 points) Discoveries: 13 items ( 5.28%) ( 6896 points) Valuables value: (no points given unless you survive) Artifact value: 0 ( 0 points) Variety of kills: 69 monsters ( 18.11%) (12766 points) Turncount: 7399 turns (-1933 points) Survival: died (score multiplied by 80%) Total score: 47856 Latest messages: The jackal misses. The giant ant bites! Something is written here in the dust. You read: "Elbe9ethEl|e?e?hElbcreb?[?be?|th_?berethElbe?ethEl&eret?Elbereth?|be?cth?lb4rU?hElb ?ethE|bercthElberc?hElber?t Final status: Farvel KaiLappan the Valkyrie, petrified by picking up a cockatrice corpse... You turned to stone in The Dungeons of Doom on dungeon level 11 with 47856 points, and 4797 pieces of gold, after 7399 moves. You were level 8 with a maximum of 75 hit points when you turned to stone.